 Dungeon Crawl Stone Soup version 0.16-a0-148-g3b84123 (webtiles) character file.

1659 Sachiko the Grappler (level 9, -1/85 HPs)
             Began as a Naga Monk on Aug 15, 2014.
             Was an Elder of Cheibriados.
             Splashed by a jelly's acid (12 damage)
             ... on Level 7 of the Dungeon.
             The game lasted 00:37:31 (8803 turns).

Sachiko the Grappler (Naga Monk)                    Turns: 8803, Time: 00:37:31

HP  -1/85        AC -20    Str 26      XL: 9   Next:  0%
MP   9/9         EV 13     Int 20      God: Cheibriados [****..]
Gold 346         SH  4     Dex 22      Spells:  0 memorised,  8 levels left

rFire  . . .     SeeInvis +       - Unarmed
rCold  . . .     Clarity  .     o - +0 robe {MR+}
rNeg   . . .     rCorr    .     s - +0 buckler
rPois  +         rRot     .     (no helmet)
rElec  .         Spirit   .     (no cloak)
SustAb .         Warding  .     l - +0 pair of gloves
rMut   .         Stasis   .     (no barding)
Gourm  .                        (no amulet)
MR     ++...                    (no ring)
                                (no ring)

@: short of breath, corroded equipment, very slow, very resistant to hostile
enchantments, fairly stealthy
A: spit poison, see invisible, deformed body, poison resistance, slowness 2, AC
+3
a: Spit Poison, Bend Time, Temporal Distortion, Slouch, Renounce Religion


You were on level 7 of the Dungeon.
You worshipped Cheibriados.
Cheibriados was greatly pleased with you.
You were hungry.

You visited 2 branches of the dungeon, and saw 8 of its levels.

You collected 346 gold pieces.

Inventory:

Hand weapons
 d - a +1 hunting sling
Missiles
 e - 35 stones (quivered)
Armour
 a - a +1 robe
 g - a +2 robe of positive energy
 l - a +0 pair of gloves (worn)
 o - a +0 robe of magic resistance (worn)
 s - a +0 buckler (worn)
Magical devices
 f - a wand of cold (8)
 k - a wand of disintegration (0)
 q - a wand of fire (7)
Comestibles
 b - 4 bread rations
 c - 4 meat rations
 i - a slice of pizza
 n - 5 fruits
Scrolls
 h - a scroll of identify
 j - a scroll of remove curse
 p - a scroll of enchant weapon
 r - a scroll of enchant armour
Potions
 m - 4 potions of brilliance


   Skills:
 * Level 6.8 Fighting
 + Level 5.3 Dodging
 - Level 3.0 Stealth
 * Level 8.3 Unarmed Combat


You had 8 spell levels left.
You didn't know any spells.

Dungeon Overview and Level Annotations

Branches:
Dungeon (7/15)             Temple (1/1) D:5

Altars:
Cheibriados
Elyvilon
Fedhas
Gozag
Kikubaaqudgha
Makhleb
Nemelex Xobeh
Okawaru
Qazlal
Sif Muna
Trog
Vehumet
Yredelemnul
Zin
The Shining One

Annotations:
D:3 namelastname112's ghost, average DrIE


Innate Abilities, Weirdness & Mutations

You cannot wear boots.
You can spit poison.
Your serpentine skin is tough (AC +3).
You have supernaturally acute eyesight.
Armour fits poorly on your strangely shaped body.
Your system is resistant to poisons.
You cover ground very slowly.


Message History

The jelly is almost dead.
The jelly hits you.
You are splashed with acid!
The acid burns!
You hit the jelly but do no damage.
The jelly is almost dead.
The jelly hits you.
You are splashed with acid!
The acid burns!
Your shield prevents you from hitting the jelly.
The jelly is almost dead.
The jelly hits you.
* * * LOW HITPOINT WARNING * * *
You are splashed with acid!
The acid corrodes your equipment!
The acid burns!
* * * LOW HITPOINT WARNING * * *
Use which ability? (? or * to list)
Press: ? - help, Shift-Dir - straight line, f/p - jelly
Aim: a jelly (almost dead)
The splash of poison hits the jelly.
The jelly completely resists.
The jelly is almost dead.
You feel slightly more hungry. The jelly hits you.
* * * LOW HITPOINT WARNING * * *
You are splashed with acid!
The acid corrodes your equipment!
The acid burns!
You die...

#########
#.......#
#.......##
#........#
#....@J..#
#........##. <..
#.##.##........J.
#........##......
##.......#
#.....# #.#.###.#
#....## #.#.# #.#
##...## #.#.###.#
##.....##
#...#.#.#
##.....))##


You could see a jelly.

Vanquished Creatures
  The ghost of Poody the Poker, an average MfSk (D:4)
  A gnoll sergeant (D:7)
  A giant frog (D:7)
  A scorpion (D:4)
  6 jellies
  A giant frog zombie (D:6)
  5 orc priests
  12 orc wizards
  Natasha (thrice) (D:3)
  5 worker ants
  A big kobold zombie (D:5)
  Jessica (D:2)
  An ogre skeleton (D:6)
  13 gnolls
  10 adders
  3 giant mites
  3 worms
  4 giant geckos
  3 oozes
  22 orcs
  A gnoll zombie (D:6)
  10 goblins
  12 hobgoblins
  9 jackals
  11 kobolds
  3 quokkas
  2 ball pythons (D:4)
  17 bats
  8 giant cockroaches
  5 giant newts
  A giant newt skeleton (D:4)
  2 orc skeletons
  10 rats
  A rat skeleton (D:4)
189 creatures vanquished.

Notes
Turn   | Place    | Note
--------------------------------------------------------------
     0 | D:1      | Sachiko, the Naga Monk, began the quest for the Orb.
     0 | D:1      | Reached XP level 1. HP: 21/21 MP: 1/1
   266 | D:1      | Reached XP level 2. HP: 17/28 MP: 2/2
   857 | D:2      | Reached XP level 3. HP: 29/34 MP: 3/3
  1087 | D:2      | Noticed Jessica
  1098 | D:2      | Killed Jessica
  1098 | D:2      | Reached XP level 4. HP: 32/42 MP: 4/4
  1233 | D:2      | Reached skill level 5 in Unarmed Combat
  1751 | D:3      | Noticed Natasha
  1908 | D:3      | Reached XP level 5. HP: 34/49 MP: 5/5
  2002 | D:3      | Noticed namelastname112's ghost (average DrIE)
  2017 | D:3      | Killed Natasha
  2390 | D:3      | Noticed Natasha
  2394 | D:3      | Killed Natasha
  2486 | D:3      | Noticed Natasha
  3126 | D:3      | Killed Natasha
  3154 | D:4      | Noticed Poody's ghost (average MfSk)
  3242 | D:4      | Reached XP level 6. HP: 54/57 MP: 6/6
  3512 | D:4      | Killed Poody's ghost
  3662 | D:4      | Reached skill level 6 in Unarmed Combat
  4275 | D:5      | Entered Level 5 of the Dungeon
  4324 | D:5      | Reached XP level 7. HP: 58/66 MP: 7/7
  4398 | D:5      | Found a basalt altar of Yredelemnul.
  4406 | D:5      | Found a stormy altar of Qazlal.
  4711 | D:5      | Reached skill level 5 in Fighting
  5262 | D:5      | HP: 3/67 [acid (10)]
  5361 | D:5      | Reached skill level 7 in Unarmed Combat
  5367 | D:5      | Reached XP level 8. HP: 27/75 MP: 8/8
  5853 | D:5      | Found a staircase to the Ecumenical Temple.
  5876 | Temple   | Entered the Ecumenical Temple
  6266 | Temple   | Became a worshipper of Cheibriados the Contemplative
  6291 | D:5      | Found an ancient bone altar of Kikubaaqudgha.
  7233 | D:6      | Acquired Cheibriados' first power
  7790 | D:6      | Reached skill level 5 in Dodging
  8202 | D:7      | Reached skill level 8 in Unarmed Combat
  8520 | D:7      | Acquired Cheibriados' second power
  8788 | D:7      | Reached XP level 9. HP: 57/85 MP: 7/9
  8803 | D:7      | Splashed by a jelly's acid

Action                   |  1- 3 |  4- 6 |  7- 9 || total
-------------------------+-------+-------+-------++-------
Melee: Unarmed           |    70 |   233 |   262 ||   565
       Hunting sling     |     1 |       |       ||     1
 Fire: Hunting sling     |    13 |     4 |       ||    17
Throw: Stone             |     7 |    22 |     3 ||    32
Invok: Slouch            |       |       |     1 ||     1
 Abil: Spit Poison       |    10 |    44 |    51 ||   105
Evoke: Wand              |       |       |    15 ||    15
  Use: Scroll            |     4 |     8 |     5 ||    17
       Potion            |       |     2 |     6 ||     8
 Stab: Sleeping          |     1 |     3 |     2 ||     6
       Distracted        |       |       |     1 ||     1
  Eat: Chunk             |     1 |     6 |     1 ||     8
       Meat ration       |       |     1 |     1 ||     2
       Pizza             |       |     1 |     1 ||     2
       Bread ration      |       |       |     1 ||     1
       Fruit             |       |       |     1 ||     1
       Beef jerky        |       |       |     1 ||     1
